 Dungeon Crawl Stone Soup version 0.27-a0-1196-g3e9cee4cb2 (webtiles) character file.

Game seed: 12897865031844654980

60 senseless the Ruffian (level 3, -1/28 HPs)
             Began as a Demigod Transmuter on May 28, 2021.
             Slain by an ogre
             ... wielding a +0 giant club
              (29 damage)
             ... on level 3 of the Dungeon.
             The game lasted 00:04:31 (2069 turns).

senseless the Ruffian (Demigod Transmuter)          Turns: 2069, Time: 00:04:32

Health: -1/28      AC:  2    Str: 15    XL:     3   Next: 55%
Magic:  5/8        EV: 19    Int: 15    God:
Gold:   147        SH:  0    Dex: 19    Spells: 0/6 levels left

rFire    . . .     SeeInvis .     - Unarmed
rCold    . . .     Faith    .   (shield currently unavailable)
rNeg     . . .     Spirit   .   (armour currently unavailable)
rPois    x         Reflect  .   (helmet currently unavailable)
rElec    .         Harm     .   (cloak currently unavailable)
rCorr    .         Rampage  .   (gloves currently unavailable)
Will     .....                  (boots currently unavailable)
Stlth    ++........             (no amulet)
HPRegen  0.09/turn              g - ring of wizardry
MPRegen  0.11/turn              (no ring)

@: spider-form (expiring)
A: venomous fangs, tiny, high mp 1, forlorn
a: End Transformation


You were on level 3 of the Dungeon.
You were a venomous arachnid creature.
You visited 1 branch of the dungeon, and saw 3 of its levels.

You collected 147 gold pieces.

Inventory:

Armour
 a - a +0 robe (melded)
 b - a +0 helmet (melded)
 e - a +0 pair of boots (melded)
 i - a +0 pair of boots
Jewellery
 g - a ring of wizardry (left front leg)
Scrolls
 c - 2 scrolls of identify {unknown}
 d - a scroll of enchant armour {unknown}
 h - 2 scrolls of teleportation {unknown}
Potions
 f - a potion of heal wounds {unknown}


   Skills:
 + Level 1.3 Fighting
 + Level 2.1 Dodging
 + Level 0.1 Stealth
 + Level 3.3 Unarmed Combat
 + Level 2.2 Spellcasting
 + Level 2.2 Transmutations


You couldn't memorise any spells.
You knew the following spells:

 Your Spells              Type           Power      Damage    Failure   Level
a - Beastly Appendage     Tmut           16%        N/A       9%          1
b - Wereblood             Tmut           8%         N/A       12%         2
c - Spider Form           Tmut/Pois      2%         N/A       30%         3

Your spell library contained the following spells:

 Spells                   Type           Power      Damage    Failure   Level
 Ignite Poison            Fire/Tmut/Pois 3%         N/A       32%         3
 Ice Form                 Ice/Tmut       4%         N/A       63%         4
 Summon Ice Beast         Ice/Summ       1%         N/A       77%         4
 Hydra Form               Tmut           4%         N/A       80%         5
 Fireball                 Conj/Fire      0%         3d3       96%         5
 Freezing Cloud           Conj/Ice/Air   0%         6-21      100%        6
 Simulacrum               Ice/Necr       0%         N/A       100%        6
 Starburst                Conj/Fire      0%         8x6d3     100%        6
 Ozocubu's Refrigeration  Ice            0%         4d5       100%        7
 Ignition                 Fire           0%         3d3       100%        8


Dungeon Overview and Level Annotations

Branches:
Dungeon (3/15)

Shops:
D:1 **=(


Innate Abilities, Weirdness & Mutations

You are a venomous arachnid creature.
You have poisonous fangs.
You are tiny and dextrous.
Your spellcasting is less reliable in this form.
Your armour is entirely melded.
You are incapable of wielding weapons or throwing items.
Your attributes grow dramatically as you level up.
You have an increased reservoir of magic. (+10% MP)
You shall have no god before yourself.


Message History

Your +0 pair of boots unmelds from your body.
HP restored.
Things that are here:
a +0 dagger; a goblin skeleton A frilled lizard comes into view.
The frilled lizard hisses angrily.
You see here a scroll labelled QYB MOEJU.
You grow a pair of large bovine horns.
Your feet morph into talons.
Your +0 helmet melds into your body.
Your +0 pair of boots melds into your body.
You hit the frilled lizard.
Your headbutt misses the frilled lizard.
The frilled lizard is heavily wounded.
The frilled lizard bites you.
You hit the frilled lizard.
You kill the frilled lizard!
No target in view!
Magic restored.
Your transformation is almost over.
c - 2 scrolls labelled QYB MOEJU (gained 1)
Your horns disappear.
Your talons disappear.
Your +0 helmet unmelds from your body.
Your +0 pair of boots unmelds from your body.
An ogre comes into view. It is wielding a +0 giant club.
The ogre shouts!
A rat comes into view.
Casting: Beastly Appendage (safe; 3% risk of failure)
Confirm with . or Enter, or press ? or * to list all spells.
Okay, then.
Casting: Beastly Appendage (safe; 3% risk of failure)
Confirm with . or Enter, or press ? or * to list all spells.
The spell is quite dangerous to cast (16% risk of failure)!
Continue anyway?
You turn into a venomous arachnid creature.
Your +0 helmet melds into your body.
Your +0 pair of boots melds into your body.
Your +0 robe melds into your body.
Your transformation is almost over.
The ogre hits you with a +0 giant club!!
Ouch! That really hurt!
You die...

..........#....#.#
#.......[.)##..#....
..................##
...##...#.#........
#.##.......#######
#......#.........#
#....<.#.........#
#.................
#s.....##.#......#
#..O.........#......#
#...#r..###.#.†.......#
........##
#..........## ........#
#..........# ........#
##.........# ........#
#.......... .......#
#.......... ##########.


You could see an ogre and a rat.

Vanquished Creatures
  3 adders
  A worm (D:3)
  2 bats (D:2)
  An endoplasm (D:1)
  A giant cockroach (D:1)
  5 hobgoblins
  A quokka (D:2)
  4 ball pythons
  2 frilled lizards
  4 goblins
  4 kobolds
  5 rats
33 creatures vanquished.

Vanquished Creatures (others)
  4 toadstools (D:1)
4 creatures vanquished.

Grand Total: 37 creatures vanquished

Notes
Turn   | Place    | Note
-------+----------+-------------------------------------------
     0 | D:1      | senseless the Demigod Transmuter began the quest for the
                  | Orb.
     0 | D:1      | Reached XP level 1. HP: 15/15 MP: 5/5
   171 | D:1      | Found Vusutuo's Jewellery Emporium.
   214 | D:1      | Found Xuchuw's Weapon Emporium.
   263 | D:1      | Found Arokh's Assorted Antiques.
   273 | D:1      | Reached skill level 3 in Unarmed Combat
   281 | D:1      | Found Link's Assorted Antiques.
   439 | D:2      | Reached XP level 2. HP: 22/22 MP: 5/7
   876 | D:2      | Reached skill level 1 in Fighting
   876 | D:2      | Reached XP level 3. HP: 24/28 MP: 6/8
  1332 | D:2      | Learned a level 2 spell: Wereblood
  1336 | D:2      | Learned a level 3 spell: Spider Form
  2065 | D:3      | Noticed an ogre
  2069 | D:3      | Slain by an ogre

Illustrated notes

Levels and vault maps discovered:
D:1:      ldierk_water_garden, layout_rooms,
          chequers_ecumenical_altar_simple_redux, serial_shops,
          nicolae_shop_trees, shop, shop_statue, nicolae_shop_overgrown_old_shop
D:2:      layout_loops_ring, grunt_ministairs_5, moated_statue, minmay_between
D:3:      layout_rooms

Skill      XL: |  1  2 |
---------------+-------+-----
Unarmed Combat | 3 |  3.3
Transmutations | 2 |  2.2
Dodging        | 2 |  2.1
Spellcasting   | 2 |  2.2
Fighting       | 1 |  1.3
Stealth        | |  0.1

Action                   || total
-------------------------++-------
Melee: Unarmed           ||    90
       Kick              ||    19
       Headbutt          ||    12
 Cast: Beastly Appendage ||    22
       Spider Form       ||     1
  Use: Scroll            ||     2
 Stab: Distracted        ||     1
Armor: Robe              ||    18
Dodge: Dodged            ||    58

Table legend: (Time is in decaauts)
 A = Elapsed time spent in this place.
 B = Non-inter-level travel time spent in this place.
 C = Inter-level travel time spent in this place.
 D = Time resting spent in this place.
 E = Time spent auto-exploring this place.
 F = Levels seen in this place.
 G = Mean time per level.
                   A        B        C        D        E       F      G
               +--------+--------+--------+--------+--------+-----+--------+
         Total |   2068 |   2036 |     32 |    246 |   1522 |   3 |  689.3 |
       Dungeon |   2068 |   2036 |     32 |    246 |   1522 |   3 |  689.3 |
               +--------+--------+--------+--------+--------+-----+--------+

Top non-repeatable levels by time:
     D:2: 1484 daAuts
     D:1: 404 daAuts
     D:3: 178 daAuts
